 Dungeon Crawl Stone Soup version 0.25-a0-185-g6cfeca75b2 (webtiles) character file.

Game seed: 14369183606176177683, levelgen mode: deterministic

14 sankara the Ruffian (level 2, -1/23 HPs)
             Began as a Minotaur Transmuter on Nov 27, 2019.
             Slain by a hobgoblin
             ... wielding a +0 club
              (3 damage)
             ... on level 1 of the Dungeon.
             The game lasted 00:01:35 (359 turns).

sankara the Ruffian (Minotaur Transmuter)            Turns: 359, Time: 00:01:35

Health: -1/23      AC:  2    Str: 14    XL:     2   Next: 27%
Magic:  2/3        EV: 12    Int: 10    God:
Gold:   11         SH:  0    Dex: 10    Spells: 2/3 levels left

rFire    . . .     SeeInvis .     - Unarmed
rCold    . . .     Gourm    .   (no shield)
rNeg     . . .     Faith    .   b - +0 robe
rPois    .         Spirit   .   (helmet restricted)
rElec    .         Reflect  .   (no cloak)
rCorr    .         Harm     .   (no gloves)
MR       .....                  (boots currently unavailable)
Stlth    +.........             (no amulet)
HPRegen  0.07/turn              (no ring)
MPRegen  0.08/turn              (no ring)

@: appendage
A: retaliatory headbutt, horns 2, talons 3
a: End Transformation


You were on level 1 of the Dungeon.
You were not hungry.
You had grown temporary talons.
You visited 1 branch of the dungeon, and saw 1 of its levels.

You collected 11 gold pieces.

Inventory:

Missiles
 a - 12 arrows
 e - 61 stones (quivered)
Armour
 b - a +0 robe (worn)
Scrolls
 c - 2 scrolls of identify {unknown}
 f - a scroll of fog {unknown}
 g - a scroll of teleportation {unknown}
 i - a scroll of immolation {unknown}
Comestibles
 d - a ration
 h - a chunk of flesh {@w0}


   Skills:
 - Level 1.2 Fighting
 + Level 2.5 Dodging
 + Level 3.6 Unarmed Combat
 - Level 1.3 Spellcasting
 + Level 1.9 Transmutations


You had 2 spell levels left.
You knew the following spells:

 Your Spells              Type           Power        Failure   Level  Hunger
a - Beastly Appendage     Tmut           #.....       16%         1    ##.....

Your spell library contained the following spells:

 Spells                   Type           Power        Failure   Level  Hunger
 Sticks to Snakes         Tmut           #.......     22%         2    ###....
 Spider Form              Tmut/Pois      #.........   54%         3    ####...
 Ice Form                 Ice/Tmut       #.......     91%         4    #####..
 Blade Hands              Tmut           #.........   99%         5    ######.


Dungeon Overview and Level Annotations

Branches:
Dungeon (1/15)

Altars:


Innate Abilities, Weirdness & Mutations

You reflexively headbutt those who attack you in melee.
You have a pair of horns on your head.
You have claws for feet.


Message History

g - a scroll labeled VYANE XYHEWI You now have 11 gold pieces (gained 5).
e - 40 stones (gained 16) Magic restored.
c - 2 scrolls labeled PASCHEO GAXOWIBB (gained 1)
A bat comes into view.
A bat is nearby!
Casting: Beastly Appendage (safe; 16% risk of failure)
Confirm with . or Enter, or press ? or * to list all spells.
You miscast Beastly Appendage.
You are very lightly contaminated with residual magic.
Nothing appears to happen.
The bat closely misses you.
You hit the bat. You headbutt the bat.
You kill the bat!
Casting: Beastly Appendage (safe; 16% risk of failure)
Confirm with . or Enter, or press ? or * to list all spells.
Your feet morph into talons.
Your transformation is almost over.
You see here a bat corpse.
You butcher the bat corpse.
h - a chunk of flesh {@w0} You see here a bat skeleton.
Your talons disappear.
Your magical contamination has completely faded away.
A goblin comes into view. It is wielding a +0 club.
The goblin shouts!
You see here a scroll labeled LETOUW IS CAMN.
i - a scroll labeled LETOUW IS CAMN
Casting: Beastly Appendage (safe; 16% risk of failure)
Confirm with . or Enter, or press ? or * to list all spells.
Your feet morph into talons.
No target in view!
No target in view!
No target in view!
Your transformation is almost over.
Found a stone staircase leading down.
You barely miss the goblin. The goblin hits you with a +0 club.
You hit the goblin.
You kill the goblin!
No target in view!
No target in view!
No target in view!
You see here a +0 club.
e - 61 stones (gained 21)
Your talons disappear.
A goblin comes into view. It is wielding a +0 dagger.
The goblin shouts!
You hear a shout!
Casting: Beastly Appendage (safe; 16% risk of failure)
Confirm with . or Enter, or press ? or * to list all spells.
Your feet morph into talons.
A bat comes into view.
Your transformation is almost over.
The goblin closely misses you.
You closely miss the goblin. The bat misses you. The goblin closely misses you.
You furiously retaliate!
You headbutt the goblin!
You kill the goblin!
A hobgoblin comes into view. It is wielding a +0 club.
You punch the bat!
You kill the bat!
A kobold comes into view. It is wielding a +0 dagger.
You see here a +0 dagger.
A goblin comes into view. It is wielding a +0 dagger.
The goblin shouts!
The kobold throws a stone.
The stone misses you.
You hit the hobgoblin but do no damage.
You headbutt the hobgoblin, but do no damage.
The hobgoblin hits you with a +0 club.
You barely miss the hobgoblin. The hobgoblin closely misses you.
You closely miss the hobgoblin. Your kick misses the hobgoblin.
The hobgoblin hits you with a +0 club.
You are too injured to fight recklessly!
You are too injured to fight recklessly!
You hit the hobgoblin. You claw the hobgoblin.
The hobgoblin is heavily wounded.
The hobgoblin closely misses you.
You hit the hobgoblin but do no damage.
The hobgoblin is heavily wounded.
The kobold barely misses you. The goblin hits you but does no damage.
The hobgoblin closely misses you.
You closely miss the hobgoblin. Your headbutt misses the hobgoblin.
The hobgoblin is heavily wounded.
Your talons disappear.
The kobold closely misses you. The goblin hits you but does no damage.
The hobgoblin barely misses you.
You hit the hobgoblin but do no damage.
The hobgoblin is heavily wounded.
The kobold hits you with a +0 dagger. The goblin hits you with a +0 dagger.
The hobgoblin hits you with a +0 club.
Casting: Beastly Appendage (safe; 16% risk of failure)
Confirm with . or Enter, or press ? or * to list all spells.
Your feet morph into talons.
The hobgoblin hits you with a +0 club!
* * * LOW HITPOINT WARNING * * *
You barely miss the hobgoblin.
The hobgoblin is heavily wounded.
You hit the hobgoblin but do no damage.
You claw the hobgoblin, but do no damage.
The hobgoblin is heavily wounded.
The hobgoblin hits you with a +0 club.
You die...

.......# #.......#######
.......#####..##.......# ##
#. ##........########.#
...##. ##?.###..### #.....
#.....##..###.....### #.....
#...#..()###........###.....
...........)........#.......
........###..##.............
#........##@.##....###.#####
..##...#..Kg###........
..........g..........# ##
....#................######.
......###............ #.....
.#..#. #...$..### ##...^.
#.... ......... ....... .
.#########. .......
#≈≈.≈..<# #......


You could see a hobgoblin, a goblin and a kobold.

Vanquished Creatures
  2 dart slugs (D:1)
  3 bats (D:1)
  A giant cockroach (D:1)
  2 kobolds (D:1)
  2 goblins (D:1)
10 creatures vanquished.

Notes
Turn   | Place    | Note
-------+----------+-------------------------------------------
     0 | D:1      | sankara the Minotaur Transmuter began the quest for the
                  | Orb.
     0 | D:1      | Reached XP level 1. HP: 16/16 MP: 1/1
   251 | D:1      | Reached XP level 2. HP: 23/23 MP: 0/3
   357 | D:1      | HP: 2/23 [hobgoblin/+0 club (7)]
   359 | D:1      | Slain by a hobgoblin

Levels and vault maps discovered:
D:1:      lightli_arrival_flooded_house, layout_rooms

Action                   || total
-------------------------++-------
Melee: Unarmed           ||    26
       Kick              ||     4
       Headbutt          ||     4
 Cast: Beastly Appendage ||     6
Armor: Robe              ||     2
Dodge: Dodged            ||    17

Table legend:
 A = Non-vault XP
 B = Vault XP
 C = Vault XP percentage of total XP
 D = Non-vault monster count
 E = Vault monster count
 F = Vault count percentage of total count
                 A         B        C        D         E       F
            +---------+---------+-------+---------+---------+-------
      Total |      20 |       0 |   0.0 |      10 |       0 |   0.0
            +---------+---------+-------+---------+---------+-------
        D:1 |      20 |       0 |   0.0 |      10 |       0 |   0.0
            +---------+---------+-------+---------+---------+-------

Levels and vault maps discovered:
D:1:      lightli_arrival_flooded_house, layout_rooms

Table legend:
 A = Turns spent in this place as a percentage of turns spent in the entire game.
 B = Non-inter-level travel turns spent in this place as a percentage of non-inter-level travel turns spent in the entire game.
 C = Inter-level travel turns spent in this place as a percentage of turns spent in this place.
 D = Turns resting spent in this place as a percentage of non-inter-level travel turns spent in this place.
 E = Turns spent auto-exploring this place as a percentage of non-inter-level travel turns spent in this place.
 F = Non-inter-level travel turns spent in this place divided by the number of levels of this place that you've seen.
                   A       B       C       D       E      F
               +-------+-------+-------+-------+-------+----------------------
         Total | 100.0 | 100.0 |   0.0 |  47.6 |  27.3 | 359.0
       Dungeon | 100.0 | 100.0 |   0.0 |  47.6 |  27.3 | 359.0
               +-------+-------+-------+-------+-------+----------------------

Table legend:
 A = Kills in this place as a percentage of kills in entire the game.
 B = Kills by you in this place as a percentage of kills by you in the entire game.
 C = Kills by friends in this place as a percentage of kills by friends in the entire game.
 D = Other kills in this place as a percentage of other kills in the entire game.
 E = Experience gained in this place as a percentage of experience gained in the entire game.
 F = Experience gained in this place divided by the number of levels of this place that you have seen.
                   A       B       C       D       E      F
               +-------+-------+-------+-------+-------+----------------------
         Total | 100.0 | 100.0 |   N/A |   N/A | 100.0 |  20.0
       Dungeon | 100.0 | 100.0 |   N/A |   N/A | 100.0 |  20.0
               +-------+-------+-------+-------+-------+----------------------
